 Dungeon Crawl Stone Soup version 0.23.0 (webtiles) character file.

Game seed: 10911216775145053133

199 LostNumber the Ruffian (level 5, -4/49 HPs)
             Began as a Troll Ice Elementalist on Feb 14, 2019.
             Slain by an ogre
             ... wielding a +0 giant club
              (11 damage)
             ... on level 3 of the Dungeon.
             The game lasted 00:07:18 (2293 turns).

LostNumber the Ruffian (Troll Ice Elementalist)     Turns: 2293, Time: 00:07:18

Health: -4/49      AC:  6    Str: 17    XL:     5   Next: 48%
Magic:  5/5        EV: 10    Int: 11    God:
Gold:   226        SH:  0    Dex: 10    Spells: 5/6 levels left

rFire    . . .     SeeInvis .     - Unarmed
rCold    . . .     Gourm    +   (no shield)
rNeg     . . .     Faith    .   a - +0 robe
rPois    .         Spirit   .   (helmet restricted)
rElec    .         Reflect  .   (no cloak)
rCorr    .         Harm     .   (gloves unavailable)
MR       .....                  (boots unavailable)
Stlth    +.........             (no amulet)
HPRegen  0.56/turn              (no ring)
MPRegen  0.09/turn              (no ring)

@: no status effects
A: large, unfitting armour, claws 3, fast metabolism 3, gourmand, regeneration
1, shaggy fur 1, tough skin 3
a: no special abilities


You were on level 3 of the Dungeon.
You were very full.

You visited 1 branch of the dungeon, and saw 4 of its levels.

You collected 226 gold pieces.

Inventory:

Armour
 a - a +0 robe (worn)
Jewellery
 g - an uncursed ring of poison resistance {unknown}
   (You found it on level 1 of the Dungeon)
 q - an uncursed ring of protection from fire {unknown}
   (You found it on level 3 of the Dungeon)
Scrolls
 b - 3 scrolls of teleportation {unknown}
 c - a scroll of remove curse {unknown}
 d - 3 scrolls of enchant weapon {unknown}
 f - 2 scrolls of amnesia {unknown}
 h - 2 scrolls of enchant armour {unknown}
 i - 2 scrolls of identify {unknown}
 j - a scroll of fear {unknown}
 k - a scroll of immolation {unknown}
Potions
 l - a potion of berserk rage {unknown}
 m - 2 potions of agility {unknown}
 n - a potion of haste {unknown}
 o - a potion of curing {unknown}
Comestibles
 e - 7 rations {!d}


   Skills:
 + Level 2.1 Fighting
 - Level 2.0 Dodging
 - Level 1.0 Stealth
 * Level 4.0 Unarmed Combat
 - Level 1.2 Spellcasting
   Level 0.6 Conjurations
 - Level 2.1 Ice Magic


You had 5 spell levels left.
You knew the following spells:

 Your Spells              Type           Power        Failure   Level  Hunger
a - Freeze                Ice            #...         13%         1    ##.....

Your spell library contained the following spells:

 Spells                   Type           Power        Failure   Level  Hunger
 Throw Frost              Conj/Ice       #.....       26%         2    ###....
 Ozocubu's Armour         Chrm/Ice       #.......     52%         3    ####...
 Throw Icicle             Conj/Ice       #.......     87%         4    #####..
 Summon Ice Beast         Ice/Summ       #.......     90%         4    #####..


Dungeon Overview and Level Annotations

Branches:
Dungeon (4/15)
 Temple: D:4-7

Altars:
Trog


Innate Abilities, Weirdness & Mutations

You are too large for most types of armour.
You have claws for hands.
Your metabolism is lightning-fast.
You like to eat raw meat.
Your natural rate of healing is unusually fast.
You are covered in fur. (AC +1)
You have extremely tough skin. (AC +3)


Message History

The orc priest looks satisfied for a moment.
You climb upwards.
There is a stone staircase leading down here.
You miss the orc wizard.
The orc wizard gestures at you while chanting.
The puff of frost hits you.
You scratch the orc wizard but do no damage.
The orc wizard hits you with a +0 dagger.
You claw the orc wizard!
The orc wizard hits you with a +0 dagger.
You claw the orc wizard!
You kill the orc wizard!
Your Unarmed Combat skill increases to level 4!
Things that are here:
a +0 dagger; a +0 robe; an orc corpse You butcher the orc corpse.
p - a chunk of flesh
Things that are here:
a +0 dagger; a +0 robe; an orc skeleton
Things that are here:
a +0 dagger; a +0 robe; an orc skeleton Eating a chunk of flesh.
You eat the chunk of flesh.
This raw flesh tastes great.
There is a stone staircase leading down here.
There is a stone staircase leading down here.
You start waiting.
Done waiting.
You climb downwards.
Found a papyrus book, a short sword and 5 gold pieces.
There is a stone staircase leading up here.
Found a stone staircase leading down.
You now have 226 gold pieces (gained 5).
An ogre comes into view. It is wielding a +0 giant club.
Found 19 stones.
An ogre is nearby!
The ogre shouts!
Found a scroll labeled VEWNINW WIDOUH.
The ogre hits you with a +0 giant club!
You scratch the ogre but do no damage.
There is a stone staircase leading up here.
The ogre barely misses you.
You climb upwards.
There is a stone staircase leading down here.
You barely miss the ogre. The ogre hits you with a +0 giant club!
You closely miss the ogre.
The ogre hits you with a +0 giant club!!
* * * LOW HITPOINT WARNING * * *
You claw the ogre! You barely miss the ogre.
The ogre hits you with a +0 giant club!
You die...

##### #...# #.#.#
#.#.# ######## #.#.#
##......# #.#.#
........##########
#.#.###
........'...^..O@#
#.#.#.#
........#####..###
#.#.#.# ........# #..#
#.#.#.# ........#
##..######.#.#.#######
....#####
#.)..).......#........
#####
#...#####....#.#######
#...#..............# #
#...............##.# #
####
#..................# #


You could see an ogre.

Vanquished Creatures
  A howler monkey (D:4)
  A hound (D:3)
  An orc wizard (D:3)
  Terence (D:2)
  An iguana (D:3)
  A worm (D:3)
  A leopard gecko (D:3)
  7 orcs
  3 bats
  5 giant cockroaches
  3 goblins
  3 hobgoblins
  4 jackals (D:3)
  3 kobolds
  2 frilled lizards (D:1)
  2 rats
39 creatures vanquished.

Notes
Turn   | Place    | Note
-------+----------+-------------------------------------------
     0 | D:1      | LostNumber the Troll Ice Elementalist began the quest for
                  | the Orb.
     0 | D:1      | Reached XP level 1. HP: 16/16 MP: 1/1
   236 | D:1      | Reached skill level 1 in Unarmed Combat
   333 | D:1      | Reached XP level 2. HP: 26/26 MP: 2/2
  1004 | D:2      | Noticed Terence
  1012 | D:2      | Killed Terence
  1012 | D:2      | Reached skill level 1 in Fighting
  1012 | D:2      | Reached skill level 2 in Unarmed Combat
  1012 | D:2      | Reached XP level 3. HP: 30/33 MP: 3/3
  1267 | D:3      | Found a bloodstained altar of Trog.
  1481 | D:3      | Reached XP level 4. HP: 41/41 MP: 4/4
  1621 | D:3      | Reached skill level 3 in Unarmed Combat
  2019 | D:4      | Noticed an ogre
  2098 | D:4      | Reached XP level 5. HP: 49/49 MP: 5/5
  2126 | D:3      | Reached skill level 4 in Unarmed Combat
  2277 | D:4      | Noticed an ogre
  2293 | D:3      | Slain by an ogre

Skill      XL: |  1  2  3  4  5 |
---------------+----------------+-----
Unarmed Combat | 1 2 3 4 |  4.0
Fighting       | 1 2 |  2.1
Dodging        | 2 |  2.0
Stealth        | |  1.0
Spellcasting   | |  1.2
Conjurations   | |  0.6
Ice Magic      | |  2.1

Action                   |  1- 3 |  4- 6 || total
-------------------------+-------+-------++-------
Melee: Unarmed           |    80 |    45 ||   125
       Punch             |     3 |       ||     3
 Stab: Sleeping          |     4 |       ||     4
  Eat: Chunk             |    19 |     6 ||    25
Armor: Robe              |    16 |     7 ||    23
Dodge: Dodged            |    37 |    24 ||    61
